[Event "Early Titled Tuesday Blitz | February 8 2022"]
[White "De Abreu, Roberto N"]
[Black "Vlassov, Nikolai"]
[WhiteFideId "14307472"]
[BlackFideId "4103360"]
[WhiteElo "1996"]
[BlackElo "2407"]
[Result "0-1"]
[Round "03"]
[TimeControl "180+1"]
[Date "2022.02.08"]
[WhiteClock "0:00:10"]
[BlackClock "0:00:39"]

1. Nf3 g6 2. d4 Bg7 3. c4 Nf6 4. g3 O-O 5. Bg2 d5 6. cxd5 Nxd5 7. O-O Nb6 8. Nc3 Nc6 9. d5 Na5 10. e4 c6 11. Bf4 cxd5 12. exd5 Nac4 13. b3 Bxc3 14. bxc4 Bxa1 15. Qxa1 Nxc4 16. Bh6 f6 17. Qd4 Nd6 18. Bxf8 Qxf8 19. Qb4 Qf7 20. Nd4 Bd7 21. Re1 Rc8 22. Ne6 b6 23. h4 Rc4 24. Qb1 b5 25. Nd8 Qf8 26. Nc6 Bf5 27. Qb3 Be4 28. f3 Bxd5 29. Nxe7+ Qxe7 30. Rxe7 Rc1+ 31. Kh2 Bxb3 32. axb3 Rc2 33. Re6 Nf5 34. b4 Rb2 35. Ra6 Ne3 36. Kh3 Nxg2 37. Rxa7 Ne1 38. h5 Nxf3 39. h6 Ng5+ 40. Kg4 Rxb4# 0-1


[Site "https://www.chess.com"]

[Event "Early Titled Tuesday Blitz | February 8 2022"]
[White "Decuigniere, Tom"]
[Black "Maksimenko, Viktor"]
[WhiteFideId "26093820"]
[BlackFideId "13710478"]
[WhiteElo "1997"]
[BlackElo "2269"]
[Result "1/2-1/2"]
[Round "03"]
[TimeControl "180+1"]
[Date "2022.02.08"]
[WhiteClock "0:00:07"]
[BlackClock "0:00:10"]

1. c4 e5 2. g3 c6 3. Nf3 e4 4. Nd4 d5 5. cxd5 Qxd5 6. Nc2 Nf6 7. Bg2 h5 8. Nc3 Qe5 9. d4 exd3 10. Qxd3 Bf5 11. Qd4 Nbd7 12. Qxe5+ Nxe5 13. Nd4 Bg6 14. Bf4 Bd6 15. O-O-O O-O-O 16. Nf3 Nxf3 17. Rxd6 Nd4 18. Bh3+ Bf5 19. Rxd4 Bxh3 20. Rhd1 Rxd4 21. Rxd4 Be6 22. b3 b6 23. Be5 Rh6 24. Bxf6 Rxf6 25. Ne4 Rg6 26. f4 c5 27. Rd2 h4 28. f5 Bxf5 29. Nd6+ Rxd6 30. Rxd6 hxg3 31. hxg3 Be6 32. Rd3 Kc7 33. Kb2 Kc6 34. Rd8 b5 35. Ra8 Kb7 36. Rg8 g6 37. Kc3 Kc6 38. Ra8 Kb7 39. Rf8 Kc6 40. a3 a5 41. b4 cxb4+ 42. axb4 a4 43. Ra8 Kb7 44. Rd8 a3 45. Rd1 a2 46. Kb2 Kc6 47. Rd4 Bc4 48. e3 Be6 49. g4 Kc7 50. g5 Kc6 51. Ka1 Kc7 52. Kb2 Kb6 53. Ka1 Kc6 54. Kb2 Bd5 55. Ka1 Bc4 56. Kb2 Be6 57. Ka1 Bd5 58. Kb2 Bc4 59. Ka1 Be6 60. Kb2 Kc7 61. Ka1 Kb6 62. Kb2 Kc6 1/2-1/2


[Site "https://www.chess.com"]

[Event "Early Titled Tuesday Blitz | February 8 2022"]
[White "Dejmek, Mark"]
[Black "Dzhaparov, Medet"]
[WhiteFideId "2017628"]
[BlackFideId "13803689"]
[WhiteElo "2195"]
[BlackElo "1702"]
[Result "0-1"]
[Round "03"]
[TimeControl "180+1"]
[Date "2022.02.08"]
[WhiteClock "0:00:10"]
[BlackClock "0:01:38"]

1. Nf3 Nf6 2. g3 g6 3. d4 Bg7 4. Bg2 O-O 5. O-O d5 6. Be3 c5 7. dxc5 Ne4 8. Bd4 Nc6 9. Bxg7 Kxg7 10. Nbd2 Nxc5 11. Re1 Ne6 12. c3 Qb6 13. Qc2 d4 14. e3 dxe3 15. Rxe3 Nc5 16. Nc4 Qa6 17. Nce5 Nxe5 18. Nxe5 Bf5 19. Qe2 Qxe2 20. Rxe2 Rad8 21. b4 Na4 22. c4 f6 23. Nf3 Kf7 24. Rae1 Rd7 25. Nh4 Bd3 26. Rd2 Rfd8 27. c5 Bc4 28. Rxd7 Rxd7 29. Nf3 Bxa2 30. Ra1 Bb3 31. Bh3 Rd1+ 32. Rxd1 Bxd1 33. Nd4 Nc3 34. Bc8 b6 35. c6 Ke8 36. Be6 Kd8 37. Nb5 Nxb5 0-1


[Site "https://www.chess.com"]

[Event "Early Titled Tuesday Blitz | February 8 2022"]
[White "Delorme, Alban"]
[Black "Suarez Uriel, Adrian"]
[WhiteFideId "623636"]
[BlackFideId "22230874"]
[WhiteElo "2197"]
[BlackElo "2316"]
[Result "1-0"]
[Round "03"]
[TimeControl "180+1"]
[Date "2022.02.08"]
[WhiteClock "0:00:04"]
[BlackClock "0:00:21"]

1. e4 c5 2. Nf3 Nc6 3. d4 cxd4 4. Nxd4 g6 5. Be3 Nf6 6. Nxc6 bxc6 7. e5 Nd5 8. Bd4 Bg7 9. c4 Nc7 10. Nd2 O-O 11. Nf3 Ne6 12. Bc3 d5 13. cxd5 cxd5 14. Be2 Nf4 15. O-O Nxe2+ 16. Qxe2 Bg4 17. h3 Bxf3 18. Qxf3 d4 19. Rfd1 Bxe5 20. Qe4 Qc7 21. Bxd4 Bxd4 22. Rxd4 Rab8 23. Qe2 e5 24. Rc4 Qe7 25. Re1 Rfe8 26. Qc2 Rb7 27. b3 h5 28. Rc6 Rd7 29. Qc4 Red8 30. Rxg6+ Kf8 31. Rh6 Qg5 32. Rh8+ Kg7 33. Rxd8 Rxd8 34. Qe4 Re8 35. f4 Qh6 36. fxe5 Re6 37. Re3 Rg6 38. Rf3 Qg5 39. Qe2 h4 40. Qf2 Qc1+ 41. Kh2 Qc7 42. Qe3 Qe7 43. Qf4 Qe6 44. Qf5 Qd5 45. e6 Qxe6 46. Qxe6 Rxe6 47. Rf4 Re2 48. Ra4 Kg6 49. Rxa7 f5 50. b4 Kg5 51. b5 Kf4 52. b6 Rb2 53. b7 Ke3 54. a3 f4 55. Ra4 f3 56. Rb4 Rxb4 57. axb4 f2 58. b8=Q f1=Q 59. Qe5+ Kd2 60. Qg5+ Kc3 61. Qxh4 Qe2 62. Qg3+ Kb2 63. b5 Qxb5 64. h4 Qh5 65. Kh3 Qf5+ 66. Qg4 Qd3+ 67. Qg3 Qf5+ 68. Kh2 Kc2 69. Qf3 Qe5+ 70. g3 Kb2 71. Kh3 Qe6+ 72. Qg4 Qa6 73. Qb4+ Kc2 74. Qc5+ Kd2 75. Qf2+ Kc3 76. h5 Qe6+ 77. g4 Qc6 78. Qg2 Qe6 79. Qf3+ Kb2 80. Kh4 Qe1+ 81. Kg5 Qe7+ 82. Qf6+ 1-0


[Site "https://www.chess.com"]

[Event "Early Titled Tuesday Blitz | February 8 2022"]
[White "Derraugh, Geordie"]
[Black "Kett, Tim"]
[WhiteFideId "2603950"]
[BlackFideId "1801210"]
[WhiteElo "2116"]
[BlackElo "2098"]
[Result "1-0"]
[Round "03"]
[TimeControl "180+1"]
[Date "2022.02.08"]
[WhiteClock "0:00:08"]
[BlackClock "0:00:01"]

1. e4 e5 2. Nf3 Nc6 3. d4 exd4 4. Bc4 Nf6 5. e5 d5 6. Bb5 Ne4 7. Nxd4 Bd7 8. Bxc6 bxc6 9. O-O Bc5 10. f3 Ng5 11. f4 Ne4 12. Be3 O-O 13. Nd2 f5 14. exf6 Qxf6 15. Nxe4 dxe4 16. c3 Rad8 17. Qh5 Bb6 18. Rae1 c5 19. Nb3 Bb5 20. Rf2 Bc4 21. Bxc5 Bxc5 22. Nxc5 Rd5 23. Nxe4 Rxh5 24. Nxf6+ Rxf6 25. Re7 Rf7 26. Re8+ Rf8 27. Re7 Rd5 28. h3 Rf7 29. Re8+ Rf8 30. Re7 Rf7 31. Re4 Bxa2 32. Ra4 Bb3 33. Rxa7 c5 34. Ra8+ Rf8 35. Ra7 Rf7 36. Ra5 Rd1+ 37. Kh2 c4 38. Kg3 Rc1 39. Rd2 h6 40. Ra8+ Kh7 41. Rdd8 Rc2 42. h4 Kg6 43. Kf3 Rxb2 44. g4 Bd1+ 45. Kg3 h5 46. Rxd1 hxg4 47. Kxg4 Rc2 48. h5+ Kh7 49. Rdd8 g6 50. Rh8+ Kg7 51. Rag8+ Kf6 52. Rxg6+ Ke7 53. Rc6 Rxc3 54. Rhc8 Rc1 55. Rxc4 Rg1+ 56. Kf3 Rf1+ 57. Ke3 Re1+ 58. Kf2 Rh1 59. R8c7+ Kf6 60. R4c6+ Kg7 61. Rg6+ Kf8 62. Rxf7+ 1-0


[Site "https://www.chess.com"]

[Event "Early Titled Tuesday Blitz | February 8 2022"]
[White "Dew, Brian"]
[Black "Xie, Bryan"]
[WhiteFideId "6000495"]
[BlackFideId "30941296"]
[WhiteElo "2118"]
[BlackElo "1899"]
[Result "1-0"]
[Round "03"]
[TimeControl "180+1"]
[Date "2022.02.08"]
[WhiteClock "0:00:01"]
[BlackClock "0:00:01"]

1. e4 c5 2. Nf3 e6 3. g3 Nc6 4. Bg2 Qc7 5. O-O Nf6 6. Re1 d6 7. c3 Be7 8. d4 cxd4 9. cxd4 d5 10. e5 Nd7 11. Nc3 b6 12. Bg5 Bb4 13. Rc1 Ba6 14. a3 Bxc3 15. Rxc3 Rc8 16. Qa4 Bb7 17. Rec1 h6 18. Be3 Ndb8 19. b4 Qd7 20. Bf1 O-O 21. Qd1 Ne7 22. Bd3 Rxc3 23. Rxc3 Rc8 24. Qc2 Ba6 25. Rxc8+ Nxc8 26. b5 Bb7 27. a4 Ne7 28. Bd2 a5 29. Bc1 Qd8 30. Ba3 Kf8 31. Bd6 Nd7 32. h4 Ke8 33. Be2 Nf8 34. Bc7 Qc8 35. Bd3 Kd7 36. Bxb6 Qb8 37. Bxa5 f5 38. Bb4 Nfg6 39. Qc5 Ke8 40. a5 Kf7 41. b6 Nc8 42. a6 Bxa6 43. Bxa6 Nxb6 44. Qb5 1-0


[Site "https://www.chess.com"]

[Event "Early Titled Tuesday Blitz | February 8 2022"]
[White "Dilmukhametov, Artur"]
[Black "Aloma Vidal, Robert"]
[WhiteFideId "24179922"]
[BlackFideId "2260409"]
[WhiteElo "2266"]
[BlackElo "2435"]
[Result "1-0"]
[Round "03"]
[TimeControl "180+1"]
[Date "2022.02.08"]
[WhiteClock "0:00:42"]
[BlackClock "0:00:32"]

1. e4 e5 2. Nf3 Nf6 3. d4 Nxe4 4. Bd3 d5 5. Nxe5 Nd7 6. Nxd7 Bxd7 7. O-O Qf6 8. c3 O-O-O 9. Nd2 Nxd2 10. Bxd2 Bd6 11. f4 h5 12. Qf3 c6 13. b4 Bg4 14. Qf2 Bf5 15. Bxf5+ Qxf5 16. Qf3 h4 17. h3 Rde8 18. Rae1 Kd7 19. Qg4 Qxg4 20. hxg4 a5 21. Rxe8 Rxe8 22. a3 Ra8 23. Kf2 axb4 24. axb4 Ke6 25. Ke3 f5 26. g5 Kf7 27. Rh1 Rh8 28. Kf3 Kg6 29. Be1 Ra8 30. Rxh4 Ra3 31. Ke2 Ra2+ 32. Bd2 Rb2 33. Kd3 Rb1 34. Rh8 Rg1 35. Rd8 Be7 36. Rd7 Bf8 37. Rxb7 Rxg2 38. Rb6 Rg3+ 39. Kc2 Kh5 40. Rxc6 Rg2 41. b5 Kg4 42. b6 1-0


[Site "https://www.chess.com"]

[Event "Early Titled Tuesday Blitz | February 8 2022"]
[White "Dobre, Claudiu-Cristian"]
[Black "Shevtchenko, Olesya"]
[WhiteFideId "1211854"]
[BlackFideId "24131890"]
[WhiteElo "2207"]
[BlackElo "2003"]
[Result "1/2-1/2"]
[Round "03"]
[TimeControl "180+1"]
[Date "2022.02.08"]
[WhiteClock "0:01:32"]
[BlackClock "0:02:29"]

1. c4 e6 2. Nf3 d5 3. b3 Nf6 4. Bb2 Be7 5. e3 O-O 6. Nc3 b6 7. Be2 Bb7 8. O-O c5 9. cxd5 Nxd5 10. Rc1 Nc6 11. Nxd5 Qxd5 12. d4 cxd4 13. Bc4 Qf5 14. Bd3 Qd5 15. Bc4 Qf5 16. Bd3 Qd5 17. Bc4 1/2-1/2


[Site "https://www.chess.com"]

[Event "Early Titled Tuesday Blitz | February 8 2022"]
[White "Dounis, Alexandros"]
[Black "Rasulov, Vugar"]
[WhiteFideId "4213238"]
[BlackFideId "13402390"]
[WhiteElo "2195"]
[BlackElo "2560"]
[Result "1-0"]
[Round "03"]
[TimeControl "180+1"]
[Date "2022.02.08"]
[WhiteClock "0:00:10"]
[BlackClock "0:00:44"]

1. Nf3 Nf6 2. g3 g6 3. Bg2 Bg7 4. O-O O-O 5. d4 d5 6. c4 c6 7. b3 dxc4 8. bxc4 c5 9. Bb2 Qb6 10. Qb3 Ne4 11. Nc3 Nxc3 12. Bxc3 Nc6 13. e3 Bf5 14. Rac1 Be4 15. d5 Qxb3 16. axb3 Bxc3 17. Rxc3 Nb4 18. Nd2 Bxg2 19. Kxg2 b6 20. Ra1 a5 21. Ne4 Rfd8 22. Kf3 Kg7 23. Ke2 Rd7 24. Rcc1 Rad8 25. Rd1 Na6 26. Rd2 Nc7 27. Rad1 Ne8 28. Nc3 Nd6 29. e4 Rb7 30. e5 Nf5 31. Nb5 h5 32. f4 f6 33. Kf3 g5 34. Ke4 Kg6 35. d6 exd6 36. Nxd6 Rbd7 37. Rd5 Ne7 38. f5+ Kh7 39. Ne8 Nxd5 40. Rxd5 Kh6 41. Rxd7 Rxd7 42. e6 Rd4+ 43. Ke3 Rd1 44. Nxf6 Rf1 45. g4 hxg4 46. e7 Re1+ 47. Kf2 Rxe7 48. Ng8+ Kg7 49. Nxe7 Kf6 50. Nd5+ Kxf5 51. Nxb6 Ke4 52. Na4 Kd4 53. Kg3 Kd3 54. Nxc5+ Kc2 55. Kxg4 Kc3 56. Kxg5 Kb4 57. Nb7 a4 58. bxa4 1-0


[Site "https://www.chess.com"]

[Event "Early Titled Tuesday Blitz | February 8 2022"]
[White "Dovbnia, Nikita"]
[Black "Domingo Nunez, Alejandro"]
[WhiteFideId "54104599"]
[BlackFideId "22245561"]
[WhiteElo "2111"]
[BlackElo "2215"]
[Result "0-1"]
[Round "03"]
[TimeControl "180+1"]
[Date "2022.02.08"]
[WhiteClock "0:00:45"]
[BlackClock "0:02:38"]

1. Nf3 Nf6 2. g3 g6 3. Bg2 Bg7 4. O-O O-O 5. d4 d6 6. c4 Nbd7 7. Nc3 c5 8. d5 Rb8 9. e4 a6 10. a4 Ne8 11. Be3 Nc7 12. Qd2 b5 13. axb5 axb5 14. b3 bxc4 15. bxc4 Ba6 16. Qd3 Rb4 17. Rxa6 Nxa6 18. Nb5 Rb2 19. Bc1 Nb4 20. Qe3 Rc2 21. Ne1 Rxc4 22. Qb3 Rxc1 0-1


[Site "https://www.chess.com"]

[Event "Early Titled Tuesday Blitz | February 8 2022"]
[White "Dushyant Sharma"]
[Black "Turzo, Attila"]
[WhiteFideId "25065130"]
[BlackFideId "704954"]
[WhiteElo "2012"]
[BlackElo "2501"]
[Result "1-0"]
[Round "03"]
[TimeControl "180+1"]
[Date "2022.02.08"]
[WhiteClock "0:01:51"]
[BlackClock "0:01:37"]

1. e4 c5 2. Nf3 e6 3. d4 cxd4 4. Nxd4 Nc6 5. Nc3 Qc7 6. f4 a6 7. Nf3 b5 8. Bd3 Bb7 9. O-O d6 10. Kh1 Nf6 11. Qe1 Nd7 12. Bd2 Be7 13. Qg3 O-O 14. Rae1 Bf6 15. e5 dxe5 16. fxe5 Ncxe5 17. Bf4 Bxf3 18. Rxf3 Qc5 19. Ne4 Qb4 20. Nxf6+ Nxf6 21. Bxe5 Nh5 22. Qf2 g6 23. Rh3 Qg4 24. Be2 Qf5 25. Qxf5 exf5 26. Bxh5 gxh5 27. Rg3# 1-0


[Site "https://www.chess.com"]

[Event "Early Titled Tuesday Blitz | February 8 2022"]
[White "Erigaisi Arjun"]
[Black "Mhango, Banele"]
[WhiteFideId "35009192"]
[BlackFideId "14327040"]
[WhiteElo "2745"]
[BlackElo "2587"]
[Result "1-0"]
[Round "03"]
[TimeControl "180+1"]
[Date "2022.02.08"]
[WhiteClock "0:01:09"]
[BlackClock "0:00:29"]

1. d4 Nf6 2. Bg5 d5 3. Nd2 g6 4. Bxf6 exf6 5. e3 Bd6 6. g3 c6 7. Bg2 O-O 8. Ne2 a5 9. O-O a4 10. c4 a3 11. cxd5 axb2 12. Rb1 Rxa2 13. Qb3 Ra1 14. Rxa1 bxa1=Q 15. Rxa1 cxd5 16. Bxd5 Nc6 17. Ra8 Qc7 18. Ne4 Be7 19. N2c3 Nb4 20. Nxf6+ Kg7 21. Bc4 Be6 22. Ne8+ Rxe8 23. Rxe8 Bxc4 24. Rxe7 Qxe7 25. Qxc4 Nc6 26. Qd5 Qb4 27. Ne4 Qe7 28. Nc5 Nd8 29. h4 b6 30. Nd7 1-0


[Site "https://www.chess.com"]

[Event "Early Titled Tuesday Blitz | February 8 2022"]
[White "Eynullayev, Altay"]
[Black "Sharavdorj, Dashzegve"]
[WhiteFideId "13413562"]
[BlackFideId "4900340"]
[WhiteElo "2079"]
[BlackElo "2366"]
[Result "0-1"]
[Round "03"]
[TimeControl "180+1"]
[Date "2022.02.08"]
[WhiteClock "0:00:11"]
[BlackClock "0:01:19"]

1. e4 e6 2. d4 d5 3. e5 c5 4. c3 Nc6 5. Nf3 Bd7 6. a3 Nge7 7. Bd3 Ng6 8. O-O Be7 9. g3 O-O 10. h4 cxd4 11. cxd4 f6 12. h5 Nh8 13. h6 g6 14. Bf4 Nf7 15. exf6 Bxf6 16. Nc3 Qb6 17. Na4 Qd8 18. Nc5 Bc8 19. Re1 Qe7 20. Qc2 Nxd4 21. Nxd4 Bxd4 22. b4 Bxa1 23. Rxa1 Qf6 24. Re1 e5 25. Bc1 e4 26. Be2 Ne5 27. Bf4 g5 28. Qb3 gxf4 29. Qxd5+ Kh8 30. Nxe4 Qe6 31. Qd4 fxg3 32. Bg4 gxf2+ 33. Nxf2 Qf6 34. Rxe5 Bxg4 35. Nxg4 Qf1+ 36. Kh2 Qf4+ 37. Qxf4 Rxf4 38. Rg5 Rg8 39. Kg3 Rxg5 40. Kxf4 Rg6 41. Kf5 Ra6 42. Kg5 Rxa3 43. Ne5 Kg8 44. Kf6 Rb3 45. Ke7 Re3 46. Kd6 a6 47. Nd7 Rd3+ 48. Kc7 Rb3 49. Nf6+ Kf7 50. Nxh7 Kg6 51. Nf8+ Kxh6 52. Nd7 Rxb4 53. Kd6 Rd4+ 54. Kc7 Rxd7+ 55. Kxd7 a5 0-1


[Site "https://www.chess.com"]

[Event "Early Titled Tuesday Blitz | February 8 2022"]
[White "Ezat, Mohamed"]
[Black "Poormosavi, Seyed Kian"]
[WhiteFideId "10600906"]
[BlackFideId "12585807"]
[WhiteElo "2386"]
[BlackElo "2116"]
[Result "0-1"]
[Round "03"]
[TimeControl "180+1"]
[Date "2022.02.08"]
[WhiteClock "0:00:01"]
[BlackClock "0:00:12"]

1. d4 Nf6 2. c4 b6 3. Nc3 Bb7 4. Qc2 d5 5. cxd5 Nxd5 6. e4 Nxc3 7. bxc3 e5 8. Nf3 exd4 9. cxd4 Bb4+ 10. Bd2 Qe7 11. Bb5+ c6 12. Bd3 O-O 13. O-O Bxd2 14. Nxd2 Rd8 15. Nf3 Na6 16. e5 g6 17. a3 c5 18. Qe2 Nc7 19. Be4 Ba6 20. Qe3 Bxf1 21. Bxa8 Bxg2 22. Kxg2 Rxa8 23. Qh6 Qf8 24. Qh4 cxd4 25. Ng5 Qg7 26. Ne4 Qxe5 27. Re1 Kg7 28. Ng5 Qd5+ 29. Kg1 h6 30. Ne4 Re8 31. f3 Re6 32. Rc1 Ne8 33. Rc8 Nf6 34. Ng3 d3 35. Qb4 Rd6 36. Qd2 Qd4+ 37. Kg2 Re6 38. Rc3 Rd6 39. Rb3 Qc4 40. Rc3 Qd5 41. Rc8 Qd4 42. Rc3 Nd5 43. Rb3 Nf4+ 44. Kf1 Re6 0-1


[Site "https://www.chess.com"]

[Event "Early Titled Tuesday Blitz | February 8 2022"]
[White "Fernandez, Michael"]
[Black "San, Thit Lwin"]
[WhiteFideId "5803560"]
[BlackFideId "13001272"]
[WhiteElo "2110"]
[BlackElo "2232"]
[Result "0-1"]
[Round "03"]
[TimeControl "180+1"]
[Date "2022.02.08"]
[WhiteClock "0:00:29"]
[BlackClock "0:00:31"]

1. b4 Nf6 2. Bb2 c6 3. Nf3 Qb6 4. a3 a5 5. e3 axb4 6. Bd4 c5 7. Bxc5 Qc7 8. Bxb4 Nc6 9. Bc3 Ne4 10. Bd3 Nxc3 11. Nxc3 e6 12. O-O Be7 13. Qe2 d5 14. Bb5 O-O 15. a4 Rd8 16. Rfb1 e5 17. Bxc6 bxc6 18. d4 e4 19. Nd2 f5 20. f4 exf3 21. Nxf3 Bd6 22. Nd1 Re8 23. c4 Ba6 24. Qf2 Bxc4 25. Nd2 Bd3 26. Rb3 Bc2 27. Rb2 Bxh2+ 28. Kh1 Bg3 29. Qf3 Be4 30. Qh5 Re6 31. Nxe4 fxe4 32. Qe2 Rh6+ 33. Kg1 Rf8 0-1


[Site "https://www.chess.com"]

[Event "Early Titled Tuesday Blitz | February 8 2022"]
[White "Gabrielian, Artur"]
[Black "Aggelis, Nikolaos"]
[WhiteFideId "4131002"]
[BlackFideId "4213220"]
[WhiteElo "2440"]
[BlackElo "2154"]
[Result "1-0"]
[Round "03"]
[TimeControl "180+1"]
[Date "2022.02.08"]
[WhiteClock "0:02:04"]
[BlackClock "0:01:24"]

1. e4 e5 2. Nc3 Nf6 3. g3 d5 4. exd5 Nxd5 5. Bg2 Nxc3 6. bxc3 Nc6 7. Nf3 Bd7 8. O-O Bd6 9. d4 O-O 10. Re1 Rb8 11. dxe5 Bc5 12. Bg5 Qe8 13. Be3 Qe7 14. Bxc5 Qxc5 15. Qxd7 Qxc3 16. e6 fxe6 17. Qxe6+ Kh8 18. Rad1 Qxc2 19. Rd7 Nd8 20. Qe7 Nf7 21. Rxc7 Qxa2 22. Ne5 Kg8 23. Nd7 Ne5 24. Nf6+ 1-0


[Site "https://www.chess.com"]

[Event "Early Titled Tuesday Blitz | February 8 2022"]
[White "Garcia Martin, Marta"]
[Black "Howell, David W L"]
[WhiteFideId "32084030"]
[BlackFideId "410608"]
[WhiteElo "2102"]
[BlackElo "2559"]
[Result "1/2-1/2"]
[Round "03"]
[TimeControl "180+1"]
[Date "2022.02.08"]
[WhiteClock "0:00:15"]
[BlackClock "0:00:27"]

1. Nf3 a6 2. e4 e6 3. d4 d5 4. exd5 exd5 5. Bd3 Bd6 6. O-O Ne7 7. c3 O-O 8. Qc2 h6 9. Re1 Nbc6 10. h3 Re8 11. Nbd2 Be6 12. Ne5 Bxe5 13. dxe5 Qd7 14. f4 Bf5 15. Nf3 Rad8 16. Bd2 d4 17. c4 Bxd3 18. Qxd3 Qf5 19. Qxf5 Nxf5 20. g4 Nfe7 21. Rad1 Ng6 22. h4 h5 23. gxh5 Nge7 24. Kf2 Nf5 25. Rg1 Kh7 26. Ng5+ Kg8 27. Ne4 Kh7 28. Ng5+ Kg8 29. Ne4 Kh7 30. Ng5+ 1/2-1/2


[Site "https://www.chess.com"]

[Event "Early Titled Tuesday Blitz | February 8 2022"]
[White "Goltseva, Ekaterina"]
[Black "Lauridsen, Jesper Morch"]
[WhiteFideId "24173770"]
[BlackFideId "1401890"]
[WhiteElo "2140"]
[BlackElo "2220"]
[Result "1-0"]
[Round "03"]
[TimeControl "180+1"]
[Date "2022.02.08"]
[WhiteClock "0:01:07"]
[BlackClock "0:00:49"]

1. d4 Nf6 2. c4 c5 3. d5 e6 4. Nc3 exd5 5. cxd5 Bd6 6. e4 O-O 7. Be2 Re8 8. Qc2 Na6 9. a3 Rb8 10. Bg5 h6 11. Bh4 g5 12. Bg3 Be5 13. Bxe5 Rxe5 14. Nf3 Re8 15. e5 Nh7 16. O-O-O b5 17. Bxb5 Qa5 18. Bd3 Nf8 19. Ne4 Rb6 20. Nf6+ Rxf6 21. exf6 d6 22. h4 g4 23. Ng5 hxg5 24. hxg5 c4 25. Bh7+ Kh8 26. g6 fxg6 27. Bxg6+ Kg8 28. f7+ 1-0


[Site "https://www.chess.com"]

[Event "Early Titled Tuesday Blitz | February 8 2022"]
[White "Golubka, Petro"]
[Black "Guseva, Marina"]
[WhiteFideId "14114224"]
[BlackFideId "4149351"]
[WhiteElo "2392"]
[BlackElo "2232"]
[Result "1-0"]
[Round "03"]
[TimeControl "180+1"]
[Date "2022.02.08"]
[WhiteClock "0:02:36"]
[BlackClock "0:02:09"]

1. d4 Nf6 2. Bg5 d5 3. Nd2 c5 4. dxc5 e6 5. e3 Bxc5 6. Ngf3 Nc6 7. a3 Be7 8. c4 O-O 9. Qc2 h6 10. Bf4 Bd7 11. O-O-O a5 12. Kb1 a4 13. h3 Na5 14. g4 Ne4 15. Nxe4 dxe4 16. Ne5 1-0


[Site "https://www.chess.com"]

[Event "Early Titled Tuesday Blitz | February 8 2022"]
[White "Gombocz, Ferenc Jr."]
[Black "Janaszak, Dawid"]
[WhiteFideId "775029"]
[BlackFideId "1119206"]
[WhiteElo "1913"]
[BlackElo "2199"]
[Result "1/2-1/2"]
[Round "03"]
[TimeControl "180+1"]
[Date "2022.02.08"]
[WhiteClock "0:00:04"]
[BlackClock "0:00:19"]

1. c4 g6 2. g3 Nf6 3. Bg2 Bg7 4. Nc3 O-O 5. d4 c6 6. e4 d6 7. Nf3 Nbd7 8. O-O e5 9. h3 Qe7 10. Re1 b6 11. b3 Bb7 12. Ba3 exd4 13. Nxd4 Nc5 14. e5 dxe5 15. Nxc6 Bxc6 16. Bxc6 Rad8 17. Bd5 e4 18. Rc1 a5 19. Bxc5 Qxc5 20. Nxe4 Nxe4 21. Rxe4 Kh8 22. Rc2 f5 23. Re6 f4 24. g4 f3 25. Rd2 Rf4 26. Rd3 Bd4 27. Qd2 Rdf8 28. Rc6 Bxf2+ 29. Qxf2 Qa3 30. Rd1 h5 31. gxh5 R4f6 32. Rxf6 Rxf6 33. h6 Qd6 34. Bxf3 Qf4 35. Rd8+ Kh7 36. Rd7+ Kxh6 37. Qd2 Qxd2 38. Rxd2 Rxf3 39. Rd6 a4 40. Rxb6 Rxh3 41. bxa4 Rc3 42. Rb4 Kg5 43. a5 Rc2 44. c5 Rxa2 45. c6 Rxa5 46. Rc4 Ra8 47. c7 Rc8 48. Kg2 Kf5 49. Kg3 1/2-1/2


[Site "https://www.chess.com"]

[Event "Early Titled Tuesday Blitz | February 8 2022"]
[White "Gontcharov, Vladislav"]
[Black "Demchenko, Anton"]
[WhiteFideId "4123492"]
[BlackFideId "4160258"]
[WhiteElo "2503"]
[BlackElo "2539"]
[Result "1/2-1/2"]
[Round "03"]
[TimeControl "180+1"]
[Date "2022.02.08"]
[WhiteClock "0:00:14"]
[BlackClock "0:01:01"]

1. e4 e5 2. Nf3 Nc6 3. Bb5 a6 4. Ba4 Nge7 5. O-O Ng6 6. d4 exd4 7. Nxd4 Nxd4 8. Qxd4 b5 9. Bb3 Bb7 10. c4 Bd6 11. Nc3 Qh4 12. g3 Qh5 13. Bd1 Qe5 14. Qxe5+ Bxe5 15. cxb5 Bxc3 16. bxc3 axb5 17. f3 O-O 18. Bb3 d6 19. Be3 Ne5 20. Bd4 Rfe8 21. a4 bxa4 22. Rxa4 Rxa4 23. Bxa4 Ra8 24. Bxe5 Rxa4 25. Rb1 Ra7 26. Bd4 c5 27. Be3 f5 28. exf5 Bxf3 29. Bf4 d5 30. Rb8+ Kf7 31. Rc8 c4 32. Rc7+ Rxc7 33. Bxc7 Kf6 34. Bb6 Kxf5 35. Bd4 g5 36. Bh8 Ke4 37. Bd4 Kd3 38. Kf2 g4 39. Bh8 Kd2 40. Bd4 Kd3 41. Bh8 Be4 42. Bd4 Bf5 43. Bh8 h5 44. Bd4 Bd7 45. Bh8 Ba4 46. Bd4 Kd2 47. Bh8 Bc2 48. Bd4 Be4 49. Bh8 Kd3 50. Bd4 Bf3 51. Bh8 Ke4 52. Bd4 Kf5 53. Bh8 Kg5 54. Bd4 h4 55. Bh8 h3 56. Bd4 Kf5 57. Bh8 Ke4 58. Bd4 Bg2 59. Bh8 Bf3 60. Bd4 Bd1 61. Bh8 Ba4 62. Bd4 Kd3 63. Bh8 Bd7 64. Bd4 Bf5 65. Bh8 Kd2 66. Bd4 Be4 1/2-1/2


[Site "https://www.chess.com"]

[Event "Early Titled Tuesday Blitz | February 8 2022"]
[White "Gracia Alvarez, Gerardo Antonio"]
[Black "Miszler, Levente"]
[WhiteFideId "5109124"]
[BlackFideId "763276"]
[WhiteElo "2139"]
[BlackElo "1966"]
[Result "1-0"]
[Round "03"]
[TimeControl "180+1"]
[Date "2022.02.08"]
[WhiteClock "0:00:18"]
[BlackClock "0:00:32"]

1. e4 Nc6 2. Nf3 d6 3. d4 g6 4. c3 Bg7 5. Be2 e5 6. dxe5 Nxe5 7. Nxe5 Bxe5 8. O-O Ne7 9. f4 Bg7 10. Be3 O-O 11. Nd2 f5 12. Kh1 fxe4 13. Nxe4 Nf5 14. Bg1 d5 15. Ng5 h6 16. Nf3 c6 17. Ne5 Bxe5 18. fxe5 Qh4 19. Qe1 Qg5 20. Bd3 Be6 21. Qe2 Nh4 22. Be3 Bg4 23. Qd2 Qh5 24. Bxh6 Rxf1+ 25. Rxf1 Nf5 26. Bf4 Rf8 27. h3 c5 28. Kg1 Bxh3 29. gxh3 Qxh3 30. Bxf5 Rxf5 31. Qg2 Qh5 32. Qxd5+ Kh7 33. Qxb7+ Kh8 34. Qh1 Kg7 35. Qxh5 Rxh5 36. e6 Kf6 37. Re1 1-0


[Site "https://www.chess.com"]

[Event "Early Titled Tuesday Blitz | February 8 2022"]
[White "Grandelius, Nils"]
[Black "Volkov, Sergey"]
[WhiteFideId "1710400"]
[BlackFideId "4122763"]
[WhiteElo "2617"]
[BlackElo "2475"]
[Result "1-0"]
[Round "03"]
[TimeControl "180+1"]
[Date "2022.02.08"]
[WhiteClock "0:00:09"]
[BlackClock "0:00:01"]

1. d4 d5 2. c4 c6 3. e3 Bf5 4. cxd5 cxd5 5. Qb3 Qc8 6. Nc3 e6 7. Nf3 Nc6 8. Nh4 Bg6 9. Bd2 Be7 10. Nxg6 hxg6 11. Rc1 Nf6 12. Be2 Qc7 13. g3 Rc8 14. O-O O-O 15. Rfd1 a6 16. Na4 Ne4 17. Be1 b5 18. Nc3 Nd6 19. a4 Na5 20. Qa2 Kh7 21. Nxd5 Qxc1 22. Nxe7 Qc2 23. Kf1 Rc7 24. Nxg6 fxg6 25. Bxa5 Rxf2+ 26. Kxf2 Rf7+ 27. Ke1 Qe4 28. Qb3 Qg2 29. Qd3 Ne4 30. Rc1 Qg1+ 31. Bf1 Qf2+ 32. Kd1 Qxf1+ 33. Qxf1 Rxf1+ 34. Kc2 Rf2+ 35. Kb1 Rxh2 36. axb5 axb5 37. Rc6 Nxg3 38. Rxe6 Nf5 39. d5 Rh1+ 40. Ka2 Rd1 41. e4 Ng3 42. Bc3 g5 43. Re7 Kh6 44. Bxg7+ Kh5 45. Bc3 g4 46. Rh7+ Kg6 47. Rg7+ Kh5 48. Re7 Ne2 49. Bb4 g3 50. d6 g2 51. Rg7 g1=Q 52. Rxg1 Nxg1 53. e5 Kg6 54. e6 Kf6 55. e7 Kf7 56. Kb3 Ke8 57. Kc2 Rf1 58. Bc5 Kd7 59. Kc3 Nf3 60. Kb4 Ne5 61. Kxb5 Nf7 62. b4 Re1 63. Ka6 Nxd6 64. b5 Ra1+ 65. Kb6 Nc8+ 66. Kb7 Nxe7 67. Bxe7 Kxe7 68. b6 Kd7 69. Kb8 Kc6 70. b7 1-0


[Site "https://www.chess.com"]